 Dungeon Crawl Stone Soup version 0.19.3-1-g3169bf9 (webtiles) character file.

81 OrDronus the Sneak (level 4, -1/30 HPs)
             Began as a Vampire Enchanter on Jan 23, 2017.
             Slain by a gnoll
             ... wielding a +1 flail of protection
              (6 damage)
             ... on level 2 of the Dungeon.
             The game lasted 00:09:44 (1850 turns).

OrDronus the Sneak (Vampire Enchanter)              Turns: 1850, Time: 00:09:44

Health: -1/30      AC:  3    Str:  7    XL:     4   Next: 19%
Magic:  3/7        EV: 13    Int: 17    God:
Gold:   27         SH:  0    Dex: 15    Spells: 2 memorised, 4 levels left

rFire  . . .     SeeInvis +     a - +1 dagger
rCold  + . .     Gourm    .     b - +1 robe
rNeg   + + .     Faith    .     (no shield)
rPois  +         Spirit   .     (no helmet)
rElec  .         Reflect  .     (no cloak)
rCorr  .         Harm     .     (no gloves)
MR     .....                    (no boots)
Stlth  ++++......               (no amulet)
                                (no ring)
                                (no ring)

@: very slightly contaminated, regenerating slowly
A: fangs 3, see invisible, unbreathing
a: Bat Form


You were on level 2 of the Dungeon.
You were thirsty.

You visited 1 branch of the dungeon, and saw 2 of its levels.

You collected 27 gold pieces.

Inventory:

Hand Weapons
 a - a +1 dagger (weapon)
Armour
 b - a +1 robe (worn)
 f - a +0 shield
 l - a +0 leather armour of magic resistance
Jewellery
 j - an uncursed amulet of magic regeneration {unknown}
Scrolls
 e - 2 scrolls of fog {unknown}
 g - 2 scrolls of amnesia {unknown}
 h - a scroll of teleportation {unknown}
 i - a scroll of enchant armour {unknown}
Potions
 d - 13 potions of blood
 k - a potion of flight {unknown}
 m - a potion of mutation {unknown}
Books
 c - a book of Maledictions

   Spells                             Type                      Level
   a - Corona                         Hexes                        1
   b - Ensorcelled Hibernation        Hexes/Ice                    2
   c - Confuse                        Hexes                        3
   d - Tukima's Dance                 Hexes                        3
   e - Dazzling Spray                 Conjuration/Hexes            3


   Skills:
 + Level 0.1 Fighting
 * Level 2.5 Short Blades
 + Level 2.4 Dodging
 + Level 5.6 Stealth
 + Level 2.3 Spellcasting
 + Level 5.1 Hexes


You had 4 spell levels left.
You knew the following spells:

 Your Spells              Type           Power        Failure   Level  Hunger
a - Corona                Hex            ###....      2%          1    #......
b - Ensorcelled Hibernat  Hex/Ice        ##....       12%         2    ###....


Dungeon Overview and Level Annotations

Branches:
Dungeon (2/15)

Altars:

Annotations:
D:2 exclusion: adder, Terence


Innate Abilities, Weirdness & Mutations

You heal slowly.
You have razor-sharp teeth.
You have supernaturally acute eyesight. (SInv)
You can survive without breathing.


Message History

You are feeling thirsty.
The gnoll barely misses you.
The gnoll hits you with a flail of protection.
* * * LOW HITPOINT WARNING * * *
Casting: Ensorcelled Hibernation
Confirm with . or Enter, or press ? or * to list all spells.
Aiming: Ensorcelled Hibernation
Press: ? - help, Shift-Dir - straight line, f - gnoll
Aim: a gnoll, wielding a flail of protection (chance to defeat MR: 50%)
You miscast Ensorcelled Hibernation.
You are very lightly contaminated with residual magic.
Frost covers your body. The gnoll completely misses you.
Casting: Ensorcelled Hibernation
Confirm with . or Enter, or press ? or * to list all spells.
Aiming: Ensorcelled Hibernation
Press: ? - help, Shift-Dir - straight line, f/p - gnoll
Aim: a gnoll, wielding a flail of protection (chance to defeat MR: 50%)
The gnoll resists with some effort.
The gnoll hits you with a flail of protection.
You die...

#.##.###### ### ### ##..#.# ##.#
#.# #.....### .#.# #.# #.......#
.#.#### #.###...#.###### ......#
#.#<....#......# ...##.###
#..>.......###♣♣♣♣ .#.##...#
#............♣♣..♣♣ ......#.#
#...#g@.#....♣...P♣ ♣♣
......#.###............♣P...♣♣^♣
...##........[.........♣♣.♣.PP♣♣♣
##...........##..(..##..♣♣♣♣..PP.
#........#..##.....##....#♣..♣.P
##.##..####..##....####.#..♣P.♣♣.
#.........#..##<...####.#.♣♣..♣♣.
...##..##.#..............♣♣..♣♣.♣
##.............<....#.###PP..♣>..


You could see a gnoll.

Vanquished Creatures
  5 adders (D:2)
  A dart slug (D:1)
  3 leopard geckos
  6 bats
  2 giant cockroaches
  6 goblins
  4 kobolds (D:1)
  6 frilled lizards
  2 rats
35 creatures vanquished.

Notes
Turn   | Place    | Note
-------+----------+-------------------------------------------
     0 | D:1      | OrDronus the Vampire Enchanter began the quest for the Orb.
     0 | D:1      | Reached XP level 1. HP: 13/13 MP: 3/3
   254 | D:1      | Reached XP level 2. HP: 19/19 MP: 3/5
   273 | D:1      | You fall through a shaft!
  1074 | D:1      | Learned a level 2 spell: Ensorcelled Hibernation
  1079 | D:2      | Reached skill level 5 in Stealth
  1079 | D:2      | Reached XP level 3. HP: 24/24 MP: 6/6
  1128 | D:2      | Reached skill level 5 in Hexes
  1337 | D:2      | Noticed Terence
  1479 | D:2      | Reached XP level 4. HP: 30/30 MP: 4/7
  1733 | D:2      | HP: 1/30 [gnoll/club (4)]
  1850 | D:2      | Slain by a gnoll

Skill      XL: |  1  2  3 |
---------------+----------+-----
Short Blades   | 2 |  2.5
Stealth        | 5 |  5.6
Hexes          | 5 |  5.1
Fighting       | |  0.1
Dodging        | |  2.4
Spellcasting   | |  2.3

Action                   |  1- 3 |  4- 6 || total
-------------------------+-------+-------++-------
Melee: Dagger            |    81 |    14 ||    95
       Bite              |     2 |     2 ||     4
 Cast: Corona            |    17 |     1 ||    18
       Ensorcelled Hiber |     7 |     2 ||     9
  Use: Potion            |     1 |     1 ||     2
 Stab: Sleeping          |    15 |     1 ||    16
Armor: Robe              |    25 |     1 ||    26
Dodge: Dodged            |    49 |    13 ||    62
